 Dungeon Crawl Stone Soup version 0.29.1-13-g9f3cf754e1 (webtiles) character file.

Game seed: 9716509660611840644

33 H0rd4k the Charlatan (level 3, 0/24 HPs)
             Began as an Octopode Artificer on Feb 2, 2023.
             Succumbed to an adder's poison
             ... on level 2 of the Dungeon.
             The game lasted 00:01:04 (975 turns).

H0rd4k the Charlatan (Octopode Artificer)            Turns: 975, Time: 00:01:05

Health: 0/24       AC:  1    Str: 11    XL:     3   Next: 29%
Magic:  5/5        EV: 13    Int: 15    God:
Gold:   25         SH:  0    Dex: 12    Spells: 5/5 levels left

rFire   . . .      SeeInvis .     - Unarmed
rCold   . . .      Faith    .   (no shield)
rNeg    . . .      Spirit   .   (helmet restricted)
rPois   .          Reflect  .   (no amulet)
rElec   .          Harm     .   (no ring)
rCorr   .          Rampage  .   (no ring)
Will    .....                   (no ring)
Stlth   +++.......              (no ring)
HPRegen 0.08/turn               (no ring)
MPRegen 0.09/turn               (no ring)
                                (no ring)
                                (no ring)

@: lethally poisoned (0 -> -6)
A: almost no armour, amphibious, 8 rings, camouflage 1, gelatinous body 1,
(nimble swimmer 1), tentacles
a: no special abilities


You were on level 2 of the Dungeon.
You visited 1 branch of the dungeon, and saw 2 of its levels.

You collected 25 gold pieces.

Inventory:

Missiles
 k - a throwing net
Wands
 b - a wand of flame (15) (quivered)
 c - a wand of charming (15)
 d - a wand of iceblast (5)
Scrolls
 a - a scroll of enchant armour {unknown}
 f - a scroll of teleportation {unknown}
 g - 2 scrolls of fear {unknown}
Potions
 e - a potion of ambrosia {unknown}
 h - a potion of curing {unknown}
 i - a potion of degeneration {unknown}
 j - a potion of heal wounds {unknown}
 l - a potion of lignification {unknown}


   Skills:
 * Level 2.0 Fighting
 - Level 2.3 Dodging
 - Level 1.3 Stealth
 + Level 1.0 Unarmed Combat
 * Level 1.5 Spellcasting
 - Level 3.2 Evocations


You had 5 spell levels left.
You didn't know any spells.
Your spell library was empty.

Dungeon Overview and Level Annotations

Branches:
Dungeon (2/15)

Altars:

Shops:
D:1 :


Innate Abilities, Weirdness & Mutations

You cannot wear most types of armour.
You are amphibious.
You can wear up to eight rings at the same time.
Your skin changes colour to match your surroundings (Stealth+).
Your rubbery body absorbs attacks. (AC +1, EV +1)
((You are camouflaged when in or above water. (Stealth+)))
You have tentacles for arms and can constrict up to eight enemies at once.


Message History

The worm is severely wounded.
You constrict the worm. The worm barely misses you.
You tentacle-slap the worm.
The worm is almost dead.
You constrict the worm.
You kill the worm!
You have reached level 3!
Your experience leads to an increase in your attributes!
Increase (S)trength, (I)ntelligence, or (D)exterity?
You feel clever. x2
You miss the adder. Your grab misses the adder. The adder bites you.
The adder closely misses you.
You tentacle-slap the adder. Your grab misses the adder.
The adder is lightly wounded.
The adder bites you.
You are poisoned.
The adder poisons you!
You closely miss the adder. You grab the adder.
The adder is lightly wounded.
You constrict the adder.
You feel sick. The adder bites you.
You are lethally poisoned!
The adder poisons you!
You barely miss the adder.
The adder is moderately wounded.
You constrict the adder.
You feel very sick. The adder misses you. The adder closely misses you.
You tentacle-slap the adder.
The adder is heavily wounded.
You constrict the adder.
* * * LOW HITPOINT WARNING * * *
You feel sick. The adder bites you.
* * * LOW HITPOINT WARNING * * *
You tentacle-slap the adder.
You kill the adder!
* * * LOW HITPOINT WARNING * * *
You feel sick.
Your Fighting skill increases to level 2!
Your Unarmed Combat skill increases to level 1!
You die...

#.. #.# #..
#.# #
#...#.# ###
..+...+..
.>##<#
#....#.#
#.##.#
.....#
#.##.#
#..###.##.#
###.....##.#
#.@.###.##.#
###.# #.##.#
..###.##.#
...+......#
#...###.####
..### #.#
##.#####'##
.........#
.........#


There were no monsters in sight!

Vanquished Creatures
  An adder (D:2)
  A worm (D:2)
  3 bats
  4 endoplasms (D:1)
  2 giant cockroaches (D:1)
  A goblin (D:1)
  2 hobgoblins (D:1)
  2 kobolds (D:1)
  3 rats (D:1)
19 creatures vanquished.

Notes
Turn   | Place    | Note
-------+----------+-------------------------------------------
     0 | D:1      | H0rd4k the Octopode Artificer began the quest for the Orb.
     0 | D:1      | Reached XP level 1. HP: 13/13 MP: 1/1
    33 | D:1      | Found Lejic's Vocational Training.
   256 | D:1      | Reached skill level 1 in Spellcasting
   256 | D:1      | Reached XP level 2. HP: 18/18 MP: 3/3
   969 | D:2      | Reached XP level 3. HP: 22/24 MP: 5/5
   974 | D:2      | HP: 1/24 [poisoned by an adder]
   975 | D:2      | Reached skill level 1 in Unarmed Combat
   975 | D:2      | Succumbed to an adder's poison

Illustrated notes

Levels and vault maps discovered:
D:1:      wander_arrival_lonely_grave, layout_loops_ring,
          nicolae_shop_vocational
D:2:      layout_basic, chequers_ecumenical_altar_lobes, minmay_between

Skill      XL: |  1  2  3 |
---------------+----------+-----
Spellcasting   | 1 |  1.5
Fighting       | 2 |  2.0
Unarmed Combat | 1 |  1.0
Dodging        | |  2.3
Stealth        | |  1.3
Evocations     | |  3.2

Action                   || total
-------------------------++-------
Melee: Unarmed           ||    52
       Constrict         ||    12
       Tentacles         ||    14
 Stab: Sleeping          ||     3
Armor: Skin              ||     9
Dodge: Dodged            ||    24
